AoeStats
← Sid

MegaRandom

509284347Analyzed
2v2 RM · 5d ago on Sep 26, 2026· 28m 17s· 4 players
Game mode
Random Map
Map size
Medium (4 player)
Population
200
Speed
Normal
Resources
Standard
Victory
Conquest
Starting age
Dark Age
Ending age
Imperial Age
RankedLock teamsTeams togetherTeam positionsShared explorationLock speedFull tech treeHidden civsTurbo modeCheats
Victory
Defeat
🇯🇵 Vikings · Japan
1309
+13
🇯🇵 Varangians · Japan
1270
+14
🇦🇷 Saxons · Argentina
1238
-13
🇨🇱 Varangians · Chile
1238
-14
agucba
9:44 Feudal Age
8:54 Loom
11:09 Double-Bit Axe
13:27 Horse Collar
15:27 Scale Barding Armor
19:06 Forging
24:57 Castle Age
23:50 Bloodlines
Consort Radahn
9:52 Loom
11:38 Feudal Age
16:54 Castle Age
27:39 Fletching
fumin.jp
6:59 Loom
9:56 Feudal Age
10:32 Double-Bit Axe
13:45 Fletching
21:28 Castle Age
20:38 Horse Collar
20:48 Gold Mining
21:00 Padded Archer Armor
21:39 Crossbowman
22:18 Bodkin Arrow
23:37 Bow Saw
24:05 Gold Shaft Mining
Sid
6:37 Loom
9:12 Feudal Age
10:31 Double-Bit Axe
15:57 Horse Collar
17:27 Bloodlines
21:54 Castle Age
20:40 Scale Barding Armor
20:32 Gold Mining
22:26 Wheelbarrow
22:06 Forging
23:03 Chain Barding Armor
25:07 Iron Casting
25:34 Husbandry
25:26 Light Cavalry
Connection lost

Rejoining the realm…

Still unreachable

The connection could not be restored.

Session expired

The server has moved on; the page needs a fresh start.